 Dungeon Crawl Stone Soup version 0.30-a0-3-gc9032a9cac (webtiles) character file.

Game seed: 7812151171171144190

64 BritishOli the Trooper (level 3, 0/29 HPs)
             Began as a Demonspawn Fighter on Aug 20, 2022.
             Slain by an orc
             ... wielding a +0 short sword
              (3 damage)
             ... on level 2 of the Dungeon.
             The game lasted 00:00:54 (1286 turns).

BritishOli the Trooper (Demonspawn Fighter)         Turns: 1286, Time: 00:00:54

Health: 0/29       AC:  6    Str: 18    XL:     3   Next: 91%
Magic:  3/3        EV:  9    Int:  9    God:
Gold:   108        SH:  9    Dex: 12    Spells: 2/2 levels left

rFire   . . .      SeeInvis .    a - +0 long sword
rCold   . . .      Faith    .    c - +0 buckler
rNeg    . . .      Spirit   .    b - +0 scale mail
rPois   .          Reflect  +    (helmet restricted)
rElec   .          Harm     .    (no cloak)
rCorr   .          Rampage  .    (no gloves)
Will    .....                    (no boots)
Stlth   ..........               f - amulet of reflection
HPRegen 0.09/turn                (no ring)
MPRegen 0.08/turn                (no ring)

@: no status effects
A: horns 1, powered by death 1
a: no special abilities


You were on level 2 of the Dungeon.
You visited 1 branch of the dungeon, and saw 2 of its levels.

You collected 108 gold pieces.

Inventory:

Hand Weapons
 a - a +0 long sword (weapon)
Armour
 b - a +0 scale mail (worn)
 c - a +0 buckler (worn)
Jewellery
 f - an amulet of reflection (around neck)
Scrolls
 e - 2 scrolls of teleportation {unknown}
 g - a scroll of vulnerability {unknown}
 i - 2 scrolls of magic mapping {unknown}
Potions
 d - a potion of might
 h - a potion of brilliance {unknown}


   Skills:
 + Level 3.5 Fighting
 + Level 2.4 Long Blades
 + Level 3.2 Armour
 + Level 3.1 Shields


You had 2 spell levels left.
You didn't know any spells.
Your spell library was empty.

Dungeon Overview and Level Annotations

Branches:
Dungeon (2/15)

Altars:


Innate Abilities, Weirdness & Mutations

You have a pair of small horns on your head.
You regenerate a little health from kills.


Message History

You hit the adder.
The adder is severely wounded.
You block the adder's attack. The adder bites you.
You slash the adder!
You kill the adder!
You barely miss the orc. You block the orc's attack.
The orc hits you but does no damage.
You slash the orc! Your headbutt misses the orc.
The orc is almost dead.
The orc hits you with a +0 short sword. The orc hits you but does no damage. x2
You barely miss the orc. You block the orc's attack. x2
You closely miss the orc. The orc completely misses you.
You block the orc's attack. The orc completely misses you.
The orc hits you from afar with a +0 trident.
You closely miss the orc. You headbutt the orc.
The orc is heavily wounded.
The orc hits you from afar with a +0 trident.
The orc hits you with a +0 club.
You hit the orc.
The orc is severely wounded.
The orc closely misses you. The orc barely misses you.
You hit the orc but do no damage.
The orc is severely wounded.
The orc hits you with a +0 club.
The orc hits you from afar with a +0 trident.
You hit the orc but do no damage.
The orc is severely wounded.
You block the orc's attack. The orc hits you but does no damage.
The orc hits you with a +0 club.
* * * LOW HITPOINT WARNING * * *
The orc closely misses you.
You closely miss the orc.
The orc is severely wounded.
You block the orc's attack. The orc closely misses you.
You hit the orc.
You kill the orc!
The orc hits you from afar with a +0 trident.
* * * LOW HITPOINT WARNING * * *
The orc hits you with a +0 short sword.
You die...

## #.. #.# #.# #.#
.#.###### #.#
.......o###.#######
#)o@)...<...#
.########.#####.
..........#
#####.#.### #.#.#
#.#.# #...# #.###
#>#


You could see 2 orcs.

Vanquished Creatures
  3 adders (D:2)
  A dart slug (D:2)
  2 orcs (D:2)
  An endoplasm (D:1)
  A hobgoblin (D:1)
  3 quokkas (D:1)
  4 ball pythons
  2 bats (D:1)
  3 frilled lizards (D:1)
  4 goblins
  5 kobolds
  6 rats
35 creatures vanquished.

Notes
Turn   | Place    | Note
-------+----------+-------------------------------------------
     0 | D:1      | BritishOli the Demonspawn Fighter began the quest for the
                  | Orb.
     0 | D:1      | Reached XP level 1. HP: 18/18 MP: 1/1
   220 | D:1      | Found a faded altar of an unknown god.
   241 | D:1      | Gained mutation: You have a pair of small horns on your
                  | head. [demonic ancestry]
   241 | D:1      | Reached XP level 2. HP: 18/24 MP: 2/2
  1126 | D:2      | Gained mutation: You regenerate a little health from kills.
                  | [demonic ancestry]
  1126 | D:2      | Reached XP level 3. HP: 26/29 MP: 3/3
  1286 | D:2      | Slain by an orc

Illustrated notes

Levels and vault maps discovered:
D:1:      dpeg_arrival_court, layout_loops_cross,
          hellmonk_ecumenical_altar_arch_garden
D:2:      layout_loops_ring

Skill      XL: |  1  2 |
---------------+-------+-----
Long Blades    | 2 |  2.4
Armour         | 3 |  3.2
Shields        | 3 |  3.1
Fighting       | |  3.5

Action                   || total
-------------------------++-------
Melee: Long sword        ||   117
       Headbutt          ||    10
Armor: Scale mail        ||    51
Dodge: Dodged            ||    49
Block: Buckler           ||    47

Table legend: (Time is in decaauts)
 A = Elapsed time spent in this place.
 B = Non-inter-level travel time spent in this place.
 C = Inter-level travel time spent in this place.
 D = Time resting spent in this place.
 E = Time spent auto-exploring this place.
 F = Levels seen in this place.
 G = Mean time per level.
                   A        B        C        D        E       F      G
               +--------+--------+--------+--------+--------+-----+--------+
         Total |   1324 |   1275 |     49 |    135 |    879 |   2 |  662.0 |
       Dungeon |   1324 |   1275 |     49 |    135 |    879 |   2 |  662.0 |
               +--------+--------+--------+--------+--------+-----+--------+

Top non-repeatable levels by time:
     D:1: 1125 daAuts
     D:2: 199 daAuts
